AoeStats
← Malcolm Little

Nomad

509504117Analyzed
3v3 RM · 4d ago on Sep 27, 2026· 33m 30s· 6 players
Game mode
Random Map
Map size
210×210
Population
200
Speed
Normal
Resources
Standard
Victory
Conquest
Starting age
Dark Age
Ending age
Imperial Age
RankedLock teamsTeams togetherTeam positionsShared explorationLock speedFull tech treeHidden civsTurbo modeCheats
Victory
Defeat
🇨🇱 Dravidians · Chile
1522
+8
🇩🇴 Persians · Dominican Republic
1456
+10
1385
+14
🇺🇸 Saxons · United States
1335
-11
🇨🇱 Persians · Chile
1333
-11
🇦🇺 Ethiopians · Australia
1320
-10
all peacocks are the same
4:33 Loom
13:42 Feudal Age
14:27 Double-Bit Axe
18:18 Forging
19:53 Bloodlines
23:07 Castle Age
21:30 Stone Mining
24:04 Bow Saw
26:26 Iron Casting
25:52 Scale Mail Armor
25:45 Town Watch
29:25 Chain Mail Armor
30:09 Squires
32:58 Gold Mining
33:25 Horse Collar
monje wololo
7:23 Loom
13:12 Feudal Age
13:55 Double-Bit Axe
16:00 Fishing Lines
18:36 Castle Age
17:13 Gold Mining
19:58 Bow Saw
25:36 Gillnets
25:59 Medium Warships
29:44 Wheelbarrow
28:56 Town Watch
putinonaritz
14:39 Feudal Age
18:28 Fletching
18:39 Padded Archer Armor
20:55 Castle Age
21:39 Crossbowman
32:53 Demolition Ship
Malcolm Little
9:34 Loom
12:01 Feudal Age
12:29 Double-Bit Axe
17:57 Castle Age
17:14 Forging
17:10 Gold Mining
18:10 Bloodlines
18:23 Scale Barding Armor
20:27 Wheelbarrow
25:31 Stone Mining
25:27 Horse Collar
28:15 Fletching
29:22 Fishing Lines
yinyangwar
8:23 Loom
11:40 Feudal Age
12:27 Double-Bit Axe
13:52 Fletching
21:41 Castle Age
19:44 Gold Mining
23:56 Padded Archer Armor
23:51 Bodkin Arrow
28:26 Wheelbarrow
27:37 Town Watch
27:58 Town Watch
29:43 Bow Saw
29:14 Horse Collar
33:05 Imperial Age
33:23 Scale Mail Armor
33:33 Forging
33:25 Squires
[zWq]Ferdinand Von Lindemann
4:34 Loom
13:44 Feudal Age
14:28 Double-Bit Axe
17:45 Castle Age
15:42 Horse Collar
16:45 Double-Bit Axe
18:58 Gold Mining
19:18 Town Watch
19:57 Bow Saw
20:04 Fletching
21:47 Heavy Plow
25:32 Heavy Plow
27:03 Wheelbarrow
29:51 Hand Cart
31:01 Town Patrol
Connection lost

Rejoining the realm…

Still unreachable

The connection could not be restored.

Session expired

The server has moved on; the page needs a fresh start.